 Dungeon Crawl Stone Soup version 0.29.1-13-g9f3cf754e1 (webtiles) character file.

Game seed: 4599101622557560194

632 Thatpatchoflichen the Trooper (level 7, -4/57 HPs)
             Began as a Demonspawn Gladiator on Feb 2, 2023.
             Slain by AverageBear's ghost (11 damage)
             ... on level 4 of the Dungeon.
             The game lasted 00:10:21 (4912 turns).

Thatpatchoflichen the Trooper (DsGl)                Turns: 4912, Time: 00:10:21

Health: -4/57      AC: 10    Str: 16    XL:     7   Next: 24%
Magic:  7/7        EV: 16    Int:  9    God:
Gold:   259        SH:  0    Dex: 15    Spells: 6/6 levels left

rFire   . . .      SeeInvis .   a - +0 trident
rCold   . . .      Faith    .   (no shield)
rNeg    . . .      Spirit   .   u - +0 ring mail
rPois   .          Reflect  .   c - +0 helmet
rElec   .          Harm     .   G - +2 cloak
rCorr   +          Rampage  .   (no gloves)
Will    .....                   (no boots)
Stlth   +.........              (no amulet)
HPRegen 0.19/turn               l - +4 ring of evasion
MPRegen 0.10/turn               n - ring of resist corrosion

@: no status effects
A: hooves 2, rugged brown scales 1, foul stench 2
a: no special abilities


You were on level 4 of the Dungeon.
You visited 1 branch of the dungeon, and saw 4 of its levels.
You also visited: Ossuary.

You collected 259 gold pieces.

Inventory:

Hand Weapons
 a - a +0 trident (weapon)
Missiles
 d - 2 throwing nets (quivered)
 e - 3 javelins
 j - 13 poisoned darts
 E - 2 boomerangs
Armour
 c - a +0 helmet (worn)
 t - a +0 chain mail
 u - a +0 ring mail (worn)
 G - a +2 cloak (worn)
 J - a +0 pair of boots
Jewellery
 l - a +4 ring of evasion (left hand)
 n - a ring of resist corrosion (right hand)
 I - an amulet of guardian spirit
Wands
 k - a wand of charming (8)
Scrolls
 b - a scroll of fog {unknown}
 f - 3 scrolls of poison {unknown}
 h - 3 scrolls of teleportation {unknown}
 o - a scroll of blinking {unknown}
 p - 2 scrolls of silence {unknown}
 s - 2 scrolls of fear {unknown}
 v - a scroll of magic mapping {unknown}
 y - 3 scrolls of identify {unknown}
 z - a scroll of enchant weapon {unknown}
 A - a scroll of enchant armour {unknown}
 B - 2 scrolls of brand weapon {unknown}
 H - a scroll of acquirement {unknown}
Potions
 g - 2 potions of mutation {unknown}
 i - 3 potions of curing {unknown}
 m - 2 potions of might {unknown}
 q - 2 potions of ambrosia {unknown}
 r - 2 potions of haste {unknown}
 w - a potion of magic {unknown}
 x - a potion of brilliance {unknown}
 C - a potion of resistance {unknown}
 D - a potion of attraction {unknown}
 F - a potion of lignification {unknown}
 K - a potion of degeneration {unknown}


   Skills:
 + Level 5.0 Fighting
 + Level 4.9 Polearms
 - Level 1.7 Throwing
 + Level 2.4 Armour
 - Level 4.0 Dodging


You had 6 spell levels left.
You didn't know any spells.
Your spell library contained the following spells:

 Spells                   Type           Power      Damage    Failure   Level
 Gell's Gravitas          Tloc           0%         N/A       92%         3
 Teleport Other           Tloc           0%         N/A       92%         3
 Dispersal                Tloc           0%         N/A       100%        6


Dungeon Overview and Level Annotations

Branches:
Dungeon (4/15)            Ossuary (visited)
 Temple: D:4-7

Altars:
Gozag

Annotations:
D:4 AverageBear's ghost, amateur DsFi


Innate Abilities, Weirdness & Mutations

You have hoof-like feet.
You are partially covered in rugged brown scales. (AC +1, +3% HP)
You sometimes emit foul miasma when damaged in melee.


Message History

AverageBear's ghost is moderately damaged.
AverageBear's ghost hits you.
You barely miss AverageBear's ghost.
AverageBear's ghost is lightly damaged.
AverageBear's ghost hits you but does no damage.
You hit AverageBear's ghost. Your kick misses AverageBear's ghost.
AverageBear's ghost is moderately damaged.
AverageBear's ghost hits you!
You emit a cloud of foul miasma!
You hit AverageBear's ghost but do no damage.
You kick AverageBear's ghost, but do no damage.
AverageBear's ghost is moderately damaged.
AverageBear's ghost screams, "Don't try to defend!
You have no chance!"
AverageBear's ghost hits you but does no damage.
You hit AverageBear's ghost but do no damage.
AverageBear's ghost is moderately damaged.
AverageBear's ghost closely misses you. x2
You puncture AverageBear's ghost!
AverageBear's ghost is heavily damaged.
AverageBear's ghost hits you!
You hit AverageBear's ghost but do no damage.
You kick AverageBear's ghost.
AverageBear's ghost is heavily damaged.
AverageBear's ghost hits you! The white imp puffs mist at you.
Throw: 3 throwing nets
Press: ? - help, Q - select action, (/) - cycle Shift-Dir - straight line, f - AverageBear's ghost
Aim: AverageBear's ghost (foul pestilence, heavily damaged, 68% to hit, immune to nets)
You throw a throwing net.
The throwing net hits AverageBear's ghost.
The net passes right through AverageBear's ghost!
AverageBear's ghost is heavily damaged.
AverageBear's ghost hits you!
* * * LOW HITPOINT WARNING * * *
You hit AverageBear's ghost. You kick AverageBear's ghost.
AverageBear's ghost is severely damaged.
AverageBear's ghost closely misses you.
You barely miss AverageBear's ghost. You kick AverageBear's ghost!
AverageBear's ghost is almost destroyed.
AverageBear's ghost hits you!
You die...

#.#.# #.# #.# #.# #.#.# #.# #.#
######.# #.#.# ####.# #.#
##...##.# ######## #....# #.#
#.....#### ##.8∩8.###.#### #.#
#.....#..# #......∩##.## ###.#
#.....'..' #8?.8..8#...## #...#
#...).#..#
#..._...#....#####.#####.....####
##..$..##....z5W@.#...###...#####
.##'''##.....#####.##.# #####....
....)...#...## #.##.# ###.#.###
........#...## #.##<# #........
.##...#..###.#####.##.# #....).##
.##......# #.......##.# #.#.#..#
.##.#....###.########.###.#.#..#
.##.###.#...#########÷##....#..#
.##.# #.##.####...)..).))#.....#


You could see a wight, AverageBear's ghost and a white imp.

Vanquished Creatures
  An elf zombie (Ossuary)
  2 human zombies (Ossuary)
  3 hounds (D:4)
  An orc priest (D:3)
  Crazy Yiuf (D:3)
  An iguana (D:4)
  5 hound zombies (Ossuary)
  3 mummies (Ossuary)
  9 adders
  An ufetubus (D:4)
  An adder zombie (Ossuary)
  A worm (D:3)
  17 orcs
  8 endoplasms
  2 giant cockroaches
  2 gnoll zombies (Ossuary)
  10 goblins
  5 hobgoblins
  12 kobolds
  5 quokkas
  6 ball pythons
  9 bats
  2 frilled lizards
  6 goblin zombies (Ossuary)
  5 hobgoblin zombies (Ossuary)
  2 jackal zombies (Ossuary)
  2 kobold zombies (Ossuary)
  2 orc zombies (Ossuary)
  5 quokka zombies (Ossuary)
  6 rats
  2 rat zombies (Ossuary)
137 creatures vanquished.

Notes
Turn   | Place    | Note
-------+----------+-------------------------------------------
     0 | D:1      | Thatpatchoflichen the Demonspawn Gladiator began the quest
                  | for the Orb.
     0 | D:1      | Reached XP level 1. HP: 16/16 MP: 1/1
   457 | D:1      | Gained mutation: You have large cloven feet. [demonic
                  | ancestry]
   457 | D:1      | Reached XP level 2. HP: 22/22 MP: 2/2
   857 | D:1      | You fall into a shaft and drop 1 floor!
  1364 | D:2      | Reached XP level 3. HP: 28/28 MP: 3/3
  1596 | D:2      | Reached skill level 3 in Fighting
  1596 | D:2      | Gained mutation: You are partially covered in rugged brown
                  | scales. (AC +1, +3% HP) [demonic ancestry]
  1596 | D:2      | Reached XP level 4. HP: 17/36 MP: 4/4
  2169 | D:2      | Found a faded altar of an unknown god.
  2591 | D:4      | Gained mutation: You have hoof-like feet. [demonic
                  | ancestry]
  2591 | D:4      | Reached XP level 5. HP: 20/42 MP: 5/5
  2613 | D:4      | Found a runed translucent gate.
  2617 | D:4      | Found a runed translucent gate.
  2618 | D:4      | Found a runed translucent gate.
  2619 | D:4      | Found an opulent altar of Gozag.
  2824 | D:4      | Found a sand-covered staircase.
  2833 | Ossuary  | Entered an ossuary
  2894 | Ossuary  | Reached skill level 4 in Fighting
  3010 | Ossuary  | Gained mutation: You may rarely emit foul miasma when
                  | damaged in melee. [demonic ancestry]
  3010 | Ossuary  | Reached XP level 6. HP: 45/49 MP: 6/6
  3119 | Ossuary  | Reached skill level 1 in Armour
  3860 | D:3      | Gained mutation: You sometimes emit foul miasma when
                  | damaged in melee. [demonic ancestry]
  3860 | D:3      | Reached XP level 7. HP: 52/56 MP: 7/7
  3906 | D:3      | Found a runed translucent door.
  3907 | D:3      | Noticed Crazy Yiuf
  3915 | D:3      | Killed Crazy Yiuf
  4379 | D:4      | Noticed AverageBear's ghost (amateur DsFi)
  4889 | D:4      | Reached skill level 5 in Fighting
  4912 | D:4      | Slain by AverageBear's ghost

Illustrated notes

Levels and vault maps discovered:
D:1:      mrwooster_arrival_arrow, layout_basic
D:2:      minmay_alternating_diamond, layout_basic,
          ebering_ecumenical_altar_webs
D:3:      layout_rooms, minmay_misc_feat_pillars, chequers_serial_rivers_room_a,
          uniq_crazy_yiuf_cottage
D:4:      layout_loops_ring, lightli_ossuary_entry_decrepit_ruins,
          ebering_ghost_gozag, minmay_goblin_kobold_house

Skill      XL: |  1  2  3  4  5  6  7 |
---------------+----------------------+-----
Dodging        | 3 4 |  4.0
Polearms       | 3 4 |  4.9
Fighting       | 3 4 5 |  5.0
Armour         | 2 |  2.4
Throwing       | |  1.7

Action                   |  1- 3 |  4- 6 |  7- 9 || total
-------------------------+-------+-------+-------++-------
Melee: Trident           |   104 |   271 |    65 ||   440
       Punch             |     2 |     3 |       ||     5
       Kick              |    19 |    76 |    17 ||   112
Throw: Throwing net      |       |       |     1 ||     1
Armor: Leather armour    |    54 |    12 |       ||    66
       Ring mail         |       |    72 |    26 ||    98
Dodge: Dodged            |   114 |   270 |    76 ||   460
